cohdb
Replays
Latest Replays
All Replays
Popular Replays
Top Player Replays
Match Explorer
How It Works
Community
CoH3 Stats
Reddit
Sign in to upload your games and track your stats! →
Sign in with Steam
Match 43221320
Unlisted
Match 43221320
Overview
Messages
Build Orders
End
Royal Engineer Section
Construct Section Command Post
Infantry Section
Selects Indian Artillery Battlegroup
Infantry Section
Infantry Section
Construct Platoon Command Post
Selects Valour
Humber Armored Car
Construct Field Infirmary
Selects Gurkha Rifles Section
6-pounder Anti-tank Gun Team
Selects Artillery Saturation
Gurkha Rifles Section
Infantry Training
Selects Artillery Saturation
Selects Off-map Airburst Barrage
6-pounder Anti-tank Gun Team
Grenade Package
Jazzmann21
Trion
0
0
Comments
sign in to comment!
No comments posted yet!